AoeStats
← Roddak9096

Arabia

510453739Analyzed
2v2 RM · 1d ago on Oct 1, 2026· 35m 33s· 4 players
Game mode
Random Map
Map size
Medium (4 player)
Population
200
Speed
Normal
Resources
Standard
Victory
Conquest
Starting age
Dark Age
Ending age
Imperial Age
RankedLock teamsTeams togetherTeam positionsShared explorationLock speedFull tech treeHidden civsTurbo modeCheats
Victory
Defeat
🇦🇷 Slavs · Argentina
799
+26
🇲🇽 Teutons · Mexico
660
+18
🇨🇱 Teutons · Chile
729
-16
🇨🇳 Burgundians · China
693
-14
JUNIORPLAYBOY
5:19 Loom
9:03 Feudal Age
10:47 Wheelbarrow
11:27 Double-Bit Axe
23:28 Castle Age
26:55 Fletching
27:30 Scale Mail Armor
27:40 Forging
修临天下
0:55 Loom
8:23 Double-Bit Axe
11:36 Feudal Age
11:58 Horse Collar
12:42 Bow Saw
12:41 Heavy Plow
17:54 Gold Mining
17:58 Stone Mining
18:40 Fletching
19:40 Wheelbarrow
20:45 Hand Cart
22:52 Stone Shaft Mining
25:30 Castle Age
23:54 Scale Barding Armor
24:00 Forging
26:10 Bodkin Arrow
27:01 Husbandry
28:46 Light Cavalry
30:55 Padded Archer Armor
31:17 Chain Barding Armor
31:49 Murder Holes
32:14 Ballistics
33:27 Town Watch
34:22 Iron Casting
37:28 Imperial Age
jafet.rdz.v
7:21 Loom
10:33 Feudal Age
13:45 Fletching
16:10 Double-Bit Axe
16:07 Horse Collar
17:48 Wheelbarrow
22:10 Castle Age
23:05 Crossbowman
27:32 Heavy Plow
27:47 Bow Saw
27:34 Bodkin Arrow
27:40 Padded Archer Armor
Roddak9096
10:35 Feudal Age
8:51 Loom
11:37 Horse Collar
11:42 Double-Bit Axe
21:00 Bloodlines
23:56 Castle Age
23:22 Scale Barding Armor
23:27 Forging
25:34 Chain Barding Armor
25:53 Iron Casting
25:30 Gold Mining
25:32 Light Cavalry
28:35 Wheelbarrow
Connection lost

Rejoining the realm…

Still unreachable

The connection could not be restored.

Session expired

The server has moved on; the page needs a fresh start.